Croesus, chaotic male elven Ranger ####################################### ----------- #-------------------------------- # |........<| #|........@......................#######..........| #|.------+--------------..-----.| # |.........| +###########|.|....| |...|....|G@+..|...|.| |.........| #|.|....| |...|....|..|..-...|.| --------|-- | #|.-|------|...||------|%.|...|.| ## |........ ##.......|..|...|.|..|..|.-----|.| # -------- #|.----.|..|-|--.|..|..|.|....|.| ### |.|..-.-|--..{%.-|-|..|.-.._.|..### # |.|..|.............-|--.|..).|.| # ###### |.|--|-|--.----|--......|...[|.| ###--.-------- |.| |...|.+ |..||----------|.| #(...>.....| |.| |(((|.| |..|....|#.|!(.-.| |.........| |.| |(((|.---|..|....|..|.(.|.| |.........| |.-+------..{.---------|------.| ----------- |..............................| -------------------------------- Croesus the Trailblazer Experience level: 8 Strength: 18 Dexterity: 13 Constitution: 16 Intelligence: 15 Wisdom: 14 Charisma: 7 Health: 0(55) Energy: 57(57) Def: 13 Gold: 0 Moves: 12094 Dungeon seed: s1g5lNqlRCQyD629 Game ID: Croesus_1563375978 Your Inventory: Amulets t - an uncursed amulet of reflection Weapons c - 10 uncursed +2 elven arrows d - an uncursed +1 elven dagger (weapon in hand) e - an uncursed +1 elven bow (alternate weapon; not wielded) h - 8 uncursed +0 elven arrows p - 12 blessed +1 arrows Y - 13 uncursed +0 arrows Z - 34 blessed +0 arrows Armor n - an uncursed +0 elven mithril-coat (being worn) r - an uncursed +0 pair of iron shoes (being worn) z - an uncursed +0 pair of gauntlets of dexterity (being worn) M - an uncursed +2 elven cloak (being worn) N - a blessed +1 dented pot (being worn) Spellbooks R - a cursed spellbook of remove curse Rings i - an uncursed ring of poison immunity m - an uncursed ring of stealth B - an uncursed ring of sustain ability S - an uncursed ring of regeneration Wands j - an uncursed wand of nothing (0:2) s - a blessed wand of opening (0:6) E - an uncursed wand of sleep (0:3) T - an uncursed wand of summoning (0:3) V - an uncursed wand of cancellation (0:5) W - a cursed wand of teleportation (0:5) Tools b - an uncursed bag of holding l - a blessed oil lamp (0:1414) u - an uncursed +0 unicorn horn F - 6 uncursed tallow candles (0:200) Contents of the bag of holding: a cursed amulet of restful sleep 2 cursed -1 arrows 39 uncursed +0 arrows of lightning 8 uncursed +0 daggers 4 cursed +0 daggers 2 uncursed +1 darts 58 uncursed +0 darts 3 cursed -1 darts 18 cursed -5 darts an uncursed +0 dwarvish short sword an uncursed +0 elven dagger a cursed +0 javelin a blessed +1 long sword a cursed poisoned -2 dart an uncursed +0 dwarvish cloak an uncursed +0 dwarvish iron helm an uncursed +0 pair of iron shoes an uncursed +0 splint mail an uncursed apple 2 uncursed bananas an uncursed cram ration an uncursed egg 12 uncursed food rations 7 uncursed lembas wafers an uncursed mango an uncursed orange an uncursed tin of female iguana meat 2 uncursed tripe rations 4 uncursed scrolls of blank paper a blessed scroll of enchant weapon an uncursed mirror 5 blessed tallow candles (0:200) 14 uncursed tallow candles (0:200) an uncursed +0 unicorn horn a blessed wax candle (0:400) 5 uncursed wax candles (0:400) an uncursed jade stone an uncursed jet stone an uncursed luckstone 2 uncursed worthless pieces of black glass an uncursed worthless piece of green glass 3 uncursed worthless pieces of orange glass an uncursed worthless piece of red glass 6 uncursed worthless pieces of violet glass 2 uncursed worthless pieces of white glass 2 uncursed worthless pieces of yellowish brown glass 18 gold pieces Spells and supernatural/magical abilities: Name Level Category Cost Memory j - jumping 1 escape 1000pw 100% W - pray for help -- divine ? -- Your skills at the end: Fighting Skills wands [Basic] Weapon Skills dagger [Skilled] bow [Expert] Spellcasting Skills Final Attributes: You were piously aligned. You were fire resistant. You were immune to sleep. You were poison resistant. You saw invisible. You were telepathic. You had automatic searching. You had infravision. You were stealthy. You had teleport control. Mars was noncommittal. You are dead. Vanquished creatures: 4 giant mimics 2 small mimics a flaming sphere a tengu a human mummy 2 giant beetles a quivering blob a lynx a leprechaun an iron piercer a mumak a horse a black light a vampire bat a brown pudding a gold golem a dog 2 jaguars a blue jelly a white unicorn a gray unicorn 2 ravens 3 apes a rope golem 2 soldier ants 2 fire ants an imp 2 water nymphs 4 mountain nymphs 3 Uruk-hai an orc shaman 2 rock piercers 3 rock moles 3 ponies 3 yellow lights 2 violet fungi 6 gnome lords 5 gnomish wizards 2 red naga hatchlings a black naga hatchling 2 guardian naga hatchlings a gray ooze 4 elf zombies 2 ghouls 3 straw golems 3 paper golems a baby crocodile 4 giant ants 4 little dogs 3 floating eyes a kitten 6 dwarves a kobold shaman 8 hill orcs 5 rothes a centipede 4 giant bats 8 monkeys 6 orc zombies a dwarf zombie a werejackal 4 iguanas an acid blob 6 coyotes a hobbit a large kobold 3 hobgoblins a giant rat 4 cave spiders 2 brown molds 3 yellow molds 28 gnomes 10 garter snakes 2 gnome zombies 4 geckos 20 jackals 5 foxes a kobold 5 goblins 15 grid bugs 2 bats 7 lichens 4 kobold zombies 6 newts 279 creatures vanquished. Voluntary challenges: You had been an atheist until turn 11589. You used a wielded weapon 173 times, starting on turn 354. You read items or engraved 10 times, starting on turn 3855. You never genocided any monsters. You never polymorphed an object. You never changed form. You used no wishes. You never split a pudding. You never wrote Elbereth's name. You never violated your personal moral code. Dungeon overview: The Dungeons of Doom: levels 1 to 10 Level 1 a fountain, a vault a long staircase Level 2 an armor shop, a vault Level 3 a fountain, a sink stairs to The Gnomish Mines Level 4 Level 5 Level 6 a fountain Level 7 a general store Level 8 many fountains Level 9 some fountains, a vault stairs to Sokoban Level 10 The Gnomish Mines: levels 4 to 8 Level 4 stairs to The Dungeons of Doom Level 5 Level 6 Level 7 <- You were here some shops, a temple to Mercury, some fountains, a sink Level 8 Sokoban: levels 5 to 8 Level 5 Solved Level 6 Solved Level 7 Solved Level 8 Solved stairs to The Dungeons of Doom History has recorded: On T:1 you entered the Dungeons of Doom to retrieve the Amulet of Yendor! On T:565 you reached level 2 of The Dungeons of Doom. On T:802 you reached level 3 of The Dungeons of Doom. On T:1578 you advanced to experience level 2. On T:1873 you advanced to experience level 3. On T:1924 you reached level 4 of The Dungeons of Doom. On T:2017 you reached level 5 of The Dungeons of Doom. On T:2744 you reached level 6 of The Dungeons of Doom. On T:2812 you reached level 7 of The Dungeons of Doom. On T:3039 you advanced to experience level 4. On T:3483 you advanced to experience level 5. On T:3520 you advanced to experience level 6. On T:4331 you reached level 8 of The Dungeons of Doom. On T:4352 you reached level 9 of The Dungeons of Doom. On T:4420 you reached level 4 of Sokoban. On T:5129 you reached level 10 of The Dungeons of Doom. On T:5638 you reached level 3 of Sokoban. On T:5891 you advanced to experience level 7. On T:6408 you reached level 2 of Sokoban. On T:7120 you reached level 1 of Sokoban. On T:9078 you advanced to experience level 8. On T:10281 you reached level 1 of The Gnomish Mines. On T:10524 you reached level 2 of The Gnomish Mines. On T:10930 you reached level 3 of The Gnomish Mines. On T:11405 you reached level 4 of The Gnomish Mines. On T:11439 you reached level 5 of The Gnomish Mines. Score breakdown: Gold: 18 ( 4349 points) Experience: 8 levels (14739 points) Exploration: 10 levels ( 20.00%) (12857 points) Discoveries: 15 items ( 5.08%) ( 6764 points) Valuables value: (no points given unless you survive) Artifact value: 0 ( 0 points) Variety of kills: 84 monsters ( 22.11%) (14104 points) Turncount: 12094 turns (-2659 points) Survival: died (score multiplied by 80%) Total score: 40123 Latest messages: You drop a cursed wedding ring down the drain. You hear the ring bouncing down the drainpipe. It must be a cursed ring of hunger. You have a little trouble removing R - a cursed mottled spellbook. You feel a wrenching sensation. To what position do you want to be teleported? The gnome king wields a thonged club! The gnome king swings his thonged club at you. The gnome king hits! The gnome king swings his thonged club at you. The gnome king hits! The gnome king swings his thonged club at you. The gnome king hits! The gnome king swings his thonged club at you. The gnome king hits! The gnome king swings his thonged club at you. The gnome king hits! The gnome king swings his thonged club at you. The gnome king hits! You die... Final status: Goodbye Croesus the Ranger, killed by a gnome king, while frozen by a spellbook... You died in The Gnomish Mines on dungeon level 7 with 40123 points, and 18 pieces of gold, after 12094 moves. You were level 8 with a maximum of 55 hit points when you died.